AoeStats
← CazadorGT

Lombardia

509974450Analyzed
4v4 RM · 4d ago on Sep 28, 2026· 20m 30s· 8 players
Game mode
Random Map
Map size
Large (8 player)
Population
200
Speed
Normal
Resources
Standard
Victory
Conquest
Starting age
Dark Age
Ending age
Imperial Age
RankedLock teamsTeams togetherTeam positionsShared explorationLock speedFull tech treeHidden civsTurbo modeCheats
Victory
Defeat
🇻🇳 Gurjaras · Vietnam
1247
+14
🇺🇸 Magyars · United States
1242
+15
🇩🇪 Slavs · Germany
1196
+17
🇮🇳 Hindustanis · India
1160
+18
🇲🇽 Magyars · Mexico
1233
-17
🇦🇷 Khmer · Argentina
1225
-17
🇲🇽 Romans · Mexico
1223
-16
🇬🇹 Britons · Guatemala
1159
-14
Aczino
5:30 Loom
9:48 Feudal Age
10:29 Double-Bit Axe
19:35 Gold Mining
19:28 Horse Collar
Queondacompa
4:02 Loom
4:11 Loom
10:23 Feudal Age
11:25 Double-Bit Axe
11:29 Horse Collar
16:41 Castle Age
17:42 Bow Saw
17:34 Heavy Plow
18:53 Town Watch
19:49 Wheelbarrow
19:12 Gold Mining
19:51 Forging
19:48 Stone Mining
CazadorGT
7:15 Loom
10:18 Feudal Age
15:01 Fletching
DanEz
10:25 Feudal Age
10:59 Feudal Age
14:13 Castle Age
12:36 Double-Bit Axe
13:11 Loom
16:45 Horse Collar
21:10 Heavy Plow
LeoKiller225910
4:44 Loom
10:23 Feudal Age
11:01 Double-Bit Axe
14:31 Horse Collar
19:11 Scale Barding Armor
23:04 Castle Age
Sun Tzu
7:03 Loom
10:18 Feudal Age
12:16 Scale Barding Armor
14:52 Horse Collar
15:02 Double-Bit Axe
22:58 Castle Age
vibhuyasha
0:31 Loom
12:05 Feudal Age
21:22 Castle Age
19:43 Horse Collar
19:52 Arson
20:51 Forging
20:45 Scale Mail Armor
WooftyDoosh
8:57 Loom
11:12 Feudal Age
9:32 Loom
13:22 Double-Bit Axe
17:59 Castle Age
17:24 Forging
17:41 Bloodlines
Connection lost

Rejoining the realm…

Still unreachable

The connection could not be restored.

Session expired

The server has moved on; the page needs a fresh start.